AoeStats
← Crazy_Owl

Arena

507516063Analyzed
1v1 RM · 15d ago on Sep 18, 2026· 71m 3s· 2 players
Game mode
Random Map
Map size
Tiny (2 player)
Population
200
Speed
Normal
Resources
Standard
Victory
Conquest
Starting age
Dark Age
Ending age
Imperial Age
RankedLock teamsTeams togetherTeam positionsShared explorationLock speedFull tech treeHidden civsTurbo modeCheats
Victory
Defeat
🇪🇸 Berbers · Spain
869
+17
🇳🇱 Portuguese · Netherlands
891
-17
Dentato
10:52 Feudal Age
15:12 Castle Age
14:06 Double-Bit Axe
14:54 Town Watch
21:18 Bow Saw
20:52 Horse Collar
22:41 Loom
29:20 Imperial Age
28:33 Wheelbarrow
27:55 Town Watch
30:01 Gold Mining
30:02 Stone Mining
30:24 Heavy Plow
31:20 Conscription
30:45 Treadmill Crane
32:07 Chemistry
30:41 Pikeman
31:24 Squires
32:00 Arson
33:43 Hand Cart
33:30 Capped Ram
35:07 Town Patrol
37:59 Padded Archer Armor
37:50 Fletching
38:05 Scale Barding Armor
38:01 Scale Mail Armor
38:12 Forging
38:20 Kasbah
38:00 Elite Skirmisher
39:39 Bloodlines
41:58 Leather Archer Armor
41:39 Bodkin Arrow
43:09 Ring Archer Armor
45:20 Guilds
46:59 Light Cavalry
51:16 Bracer
51:37 Chain Barding Armor
51:32 Chain Mail Armor
51:53 Iron Casting
52:36 Crop Rotation
55:36 Hussar
63:47 Plate Barding Armor
63:42 Plate Mail Armor
64:13 Blast Furnace
Crazy_Owl
10:45 Feudal Age
12:03 Wheelbarrow
11:50 Double-Bit Axe
11:48 Horse Collar
13:44 Loom
16:18 Castle Age
17:31 Bow Saw
17:26 Heavy Plow
26:44 Hand Cart
28:46 Gold Mining
28:49 Stone Mining
28:53 Fletching
29:14 Forging
29:05 Scale Mail Armor
29:11 Scale Barding Armor
32:26 Imperial Age
31:24 Bodkin Arrow
31:45 Chain Mail Armor
32:06 Iron Casting
30:55 Pikeman
33:23 Halberdier
36:22 Plate Mail Armor
35:54 Bracer
36:54 Blast Furnace
36:23 Ballistics
37:04 Chemistry
38:58 Elite Organ Gun
45:33 Conscription
55:47 Bombard Tower
55:33 Siege Engineers
55:41 Masonry
56:16 Elite Skirmisher
61:49 Padded Archer Armor
63:30 Arquebus
66:54 Leather Archer Armor
68:47 Light Cavalry
Connection lost

Rejoining the realm…

Still unreachable

The connection could not be restored.

Session expired

The server has moved on; the page needs a fresh start.